 Dungeon Crawl Stone Soup version 0.27-a0-1149-g4505690ab0 (webtiles) character file.

Game seed: 2565125210978597492

88 jasper the Stinger (level 4, -7/39 HPs)
             Began as a Naga Transmuter on May 13, 2021.
             Killed by divine providence
             ... invoked by an orc priest
              (12 damage)
             ... on level 3 of the Dungeon.
             The game lasted 00:03:31 (2540 turns).

jasper the Stinger (Naga Transmuter)                Turns: 2540, Time: 00:03:31

Health: -7/39      AC:  6    Str: 12    XL:     4   Next: 54%
Magic:  6/7        EV:  9    Int: 14    God:
Gold:   67         SH:  0    Dex: 12    Spells: 1/7 levels left

rFire    . . .     SeeInvis +     - Unarmed
rCold    . . .     Faith    .   (no shield)
rNeg     . . .     Spirit   .   i - +0 leather armour
rPois    +         Reflect  .   (no helmet)
rElec    .         Harm     .   (no cloak)
rCorr    .         Rampage  .   (no gloves)
Will     .....                  (no barding)
Stlth    +.........             (no amulet)
HPRegen  0.13/turn              g - +4 ring of protection
MPRegen  0.10/turn              (no ring)

@: very slightly contaminated, very slow
A: AC +1, large, see invisible, deformed body, poison resistance, slowness 2,
spit poison 1, naga tail 1
a: Spit Poison


You were on level 3 of the Dungeon.
You visited 1 branch of the dungeon, and saw 3 of its levels.

You collected 67 gold pieces.

Inventory:

Missiles
 e - 6 silver boomerangs
Armour
 a - a +0 robe
 d - a +0 ring mail
 f - a +0 chain mail
 i - a +0 leather armour (worn)
Jewellery
 g - a +4 ring of protection (left hand)
Potions
 b - a potion of lignification {unknown}
 c - 2 potions of experience {unknown}
 h - a potion of invisibility {unknown}
 j - a potion of haste {unknown}
 k - a potion of brilliance {unknown}


   Skills:
 - Level 1.8 Fighting
 - Level 1.5 Dodging
 - Level 3.3 Unarmed Combat
 - Level 2.0 Spellcasting
 - Level 2.5 Transmutations
 + Level 3.8 Poison Magic


You had one spell level left.
You knew the following spells:

 Your Spells              Type           Power      Damage    Failure   Level
a - Beastly Appendage     Tmut           16%        N/A       11%         1
b - Wereblood             Tmut           8%         N/A       16%         2
c - Spider Form           Tmut/Pois      5%         N/A       24%         3

Your spell library contained the following spells:

 Spells                   Type           Power      Damage    Failure   Level
 Ice Form                 Ice/Tmut       4%         N/A       87%         4
 Hydra Form               Tmut           4%         N/A       96%         5


Dungeon Overview and Level Annotations

Branches:
Dungeon (3/15)

Altars:


Innate Abilities, Weirdness & Mutations

Your serpentine skin is tough. (AC +1)
You have supernaturally acute eyesight. (SInv)
Armour fits poorly on your strangely shaped body.
Your system is resistant to poisons. (rPois)
You cover ground very slowly.
You can spit poison.
You have a snake-like lower body.


Message History

There is a stone staircase leading down here.
You closely miss the orc. The orc hits you but does no damage.
You hit the orc.
The orc is moderately wounded.
The orc hits you but does no damage.
You hit the orc but do no damage.
The orc is moderately wounded.
The orc hits you but does no damage.
You hit the orc.
You kill the orc!
MP restored: 7 Your horns disappear.
You see here a +0 hand axe.
There is a stone staircase leading down here.
You start resting.
HP restored.
Health restored: 39 You start waiting.
Done waiting.
Casting: Beastly Appendage (safe; 11% risk of failure)
Confirm with . or Enter, or press ? or * to list all spells.
You miscast Beastly Appendage.
You are very lightly contaminated with residual magic.
Nothing appears to happen.
You now have 6/7 mp.
You climb downwards.
You hear the sound of rushing water.
There is an entrance to a sewer on this level.
Hurry and find it before the portal rusts away!
You hear the slow rusting of a very distant drain.
The orc priest shouts!
The orc priest calls down the wrath of Beogh upon you.
Beogh smites you! The orc hits you with a +0 morningstar!
The orc priest calls down the wrath of Beogh upon you.
Beogh smites you!
* * * LOW HITPOINT WARNING * * *
The orc closely misses you.
There is a stone staircase leading up, spattered with blood here.
You take 34 damage, and have 5/39 hp.
MASSIVE DAMAGE!!
The orc priest mumbles some strange prayers to Beogh against you.
Beogh smites you!
You die...

....# ##...##
. #..... !)
#....#
#.###....#
#^.......#
.###....o.#.#
.......@....#
.o.##.#...###
.. ...## J..
....# ...
.....# ..
......# .
...##### ....


You could see an orc priest, an orc and an endoplasm.

Vanquished Creatures
  Jessica (D:2)
  2 adders (D:2)
  A worm (D:2)
  4 dart slugs
  An orc (D:2)
  2 ball pythons (D:1)
  5 bats (D:1)
  An endoplasm (D:1)
  3 giant cockroaches
  5 goblins
  A hobgoblin (D:1)
  2 kobolds
  A quokka (D:1)
  2 frilled lizards (D:1)
  2 rats (D:1)
33 creatures vanquished.

Notes
Turn   | Place    | Note
-------+----------+-------------------------------------------
     0 | D:1      | jasper the Naga Transmuter began the quest for the Orb.
     0 | D:1      | Reached XP level 1. HP: 18/18 MP: 3/3
   566 | D:1      | Reached XP level 2. HP: 21/25 MP: 3/5
   569 | D:1      | Learned a level 2 spell: Wereblood
  1071 | D:1      | Reached XP level 3. HP: 32/32 MP: 6/6
  1075 | D:1      | Learned a level 3 spell: Spider Form
  1358 | D:1      | Found a faded altar of an unknown god.
  1528 | D:2      | Reached skill level 1 in Poison Magic
  2055 | D:2      | Noticed Jessica
  2058 | D:2      | Killed Jessica
  2059 | D:2      | Reached XP level 4. HP: 37/39 MP: 5/7
  2540 | D:3      | Killed from afar by an orc priest

Illustrated notes

Levels and vault maps discovered:
D:1:      lightli_arrival_noodles, layout_loops_corners,
          shapermc_ecumenical_altar_mp_ritualfount
D:2:      layout_loops_ring, uniq_jessica
D:3:      layout_basic, nicolae_uskayaw_suspiria, bloody_trog,
          portal_sewer_entry_d, minmay_hedge_maze

Skill      XL: |  1  2  3 |
---------------+----------+-----
Poison Magic   | 3 |  3.8
Fighting       | |  1.8
Dodging        | |  1.5
Unarmed Combat | |  3.3
Spellcasting   | |  2.0
Transmutations | |  2.5

Action                   |  1- 3 |  4- 6 || total
-------------------------+-------+-------++-------
Melee: Unarmed           |    87 |    12 ||    99
       Headbutt          |     2 |       ||     2
 Cast: Beastly Appendage |    11 |     1 ||    12
 Abil: Spit Poison       |    25 |     3 ||    28
  Use: Scroll            |     2 |       ||     2
       Potion            |     1 |       ||     1
Armor: Ring mail         |     8 |       ||     8
       Leather armour    |    20 |     7 ||    27
       Chain mail        |     5 |       ||     5
Dodge: Dodged            |    30 |     7 ||    37

Table legend: (Time is in decaauts)
 A = Elapsed time spent in this place.
 B = Non-inter-level travel time spent in this place.
 C = Inter-level travel time spent in this place.
 D = Time resting spent in this place.
 E = Time spent auto-exploring this place.
 F = Levels seen in this place.
 G = Mean time per level.
                   A        B        C        D        E       F      G
               +--------+--------+--------+--------+--------+-----+--------+
         Total |   3071 |   2992 |     79 |    455 |   2171 |   3 | 1023.7 |
       Dungeon |   3071 |   2992 |     79 |    455 |   2171 |   3 | 1023.7 |
               +--------+--------+--------+--------+--------+-----+--------+

Top non-repeatable levels by time:
     D:1: 1784 daAuts
     D:2: 1278 daAuts
     D:3: 9 daAuts
